 Dungeon Crawl Stone Soup version 0.19-a0-376-gf780d9b (webtiles) character file.

576 Kidiri the Firebug (level 7, -4/37 HPs)
             Began as a Deep Elf Fire Elementalist on May 30, 2016.
             Slain by a scorpion (8 damage)
             ... on level 4 of the Dungeon.
             The game lasted 00:15:44 (4468 turns).

Kidiri the Firebug (Deep Elf Fire Elementalist)     Turns: 4468, Time: 00:15:45

Health: -4/37      AC:  4    Str:  3 (5)  XL:     7   Next: 12%
Magic:  1/16       EV: 13    Int: 21 (22) God:
Gold:   131        SH:  0    Dex: 13 (15) Spells: 5 memorised, 3 levels left

rFire  . . .     SeeInvis .     i - +0 short sword
rCold  . . .     Gourm    .     a - +1 robe
rNeg   . . .     Faith    .     (no shield)
rPois  .         Spirit   .     j - +0 helmet
rElec  .         Dismiss  +     (no cloak)
rCorr  .         Reflect  .     (no gloves)
SustAt .         Harm     .     (no boots)
MR     .....                    l - amulet of dismissal
Stlth  +++.......               (no ring)
                                r - ring of stealth

@: lethally poisoned (-4 -> -10), about to teleport, flying, not resistant to
hostile enchantments, fairly stealthy
A: no striking features
a: no special abilities


You were on level 4 of the Dungeon.
You were hungry.

You visited 1 branch of the dungeon, and saw 4 of its levels.

You collected 131 gold pieces.

Inventory:

Hand Weapons
 i - a +0 short sword (weapon)
Armour
 a - a +1 robe (worn)
 f - a +0 leather armour
 j - a +0 helmet (worn)
Jewellery
 l - an amulet of dismissal (around neck)
 r - a ring of stealth (left hand)
Scrolls
 k - 3 scrolls of recharging
 m - a scroll of remove curse
Potions
 d - a potion of berserk rage
 e - a potion of flight
 g - a potion of lignification
 h - a potion of degeneration
 q - a potion of brilliance {unknown}
Books
 b - a book of Flames

   Spells                             Type                      Level
   a - Flame Tongue                   Conjuration/Fire             1
   b - Throw Flame                    Conjuration/Fire             2
   c - Conjure Flame                  Conjuration/Fire             3
   d - Inner Flame                    Hexes/Fire                   3
   e - Sticky Flame                   Conjuration/Fire             4
   f - Fireball                       Conjuration/Fire             5
Comestibles
 c - 6 bread rations


   Skills:
 + Level 0.7 Fighting
 + Level 1.2 Short Blades
 + Level 1.0 Armour
 + Level 3.0 Dodging
 - Level 2.4 Stealth
 + Level 5.3 Spellcasting
 + Level 3.7 Conjurations
 * Level 6.4 Fire Magic


You had 3 spell levels left.
You knew the following spells:

 Your Spells              Type           Power        Failure   Level  Hunger
a - Flame Tongue          Conj/Fire      ####.        1%          1    None
b - Throw Flame           Conj/Fire      ####..       1%          2    None
c - Conjure Flame         Conj/Fire      ####....     4%          3    ##.....
d - Inner Flame           Hex/Fire       ###.....     10%         3    ##.....
e - Sticky Flame          Conj/Fire      ####....     17%         4    ####...


Dungeon Overview and Level Annotations

Branches:
Dungeon (4/15)
 Temple: D:4-7

Altars:
Ashenzari
Fedhas
Nemelex Xobeh
Okawaru
Trog

Shops:
D:4 }


Message History

The phantom is almost destroyed.
It was a potion of flight.
You feel very buoyant.
You fly up into the air.
Casting: Flame Tongue
Confirm with . or Enter, or press ? or * to list all spells.
Okay, then.
Unknown command.
It was a potion of degeneration.
There was something very wrong with that liquid.
You feel weakened.
You feel dopey.
You feel clumsy. The scorpion stings you!
* * * LOW HITPOINT WARNING * * *
You are lethally poisoned!
The scorpion poisons you!
As you read the scroll of teleportation, it crumbles to dust.
You feel strangely unstable.
* * * LOW HITPOINT WARNING * * *
You feel sick. The scorpion stings you!
You die...

#....#......#..#
.##
#>...#..$...#...
##
#W..##.....##...#
#.(.##.....##..##
#...# .... #...#
... #...# #W#
#)..######s##
#.(.'...#.@.#
#.(.#...#...##
#.<.##..#..#.#
#...##########
#....# #....#
#....## #...<.#
#######


You could see a phantom and a scorpion.

Vanquished Creatures
  The ghost of Kidiri the Firebug, an amateur DEFE (D:4)
  An ogre (D:4)
  A hound (D:3)
  3 orc wizards
  A worker ant (D:4)
  5 adders
  An ooze (D:3)
  3 worms
  6 dart slugs
  3 giant geckos
  11 orcs
  A ball python (D:2)
  7 bats
  2 giant cockroaches
  6 goblins
  11 hobgoblins
  9 jackals
  2 quokkas
  7 giant newts
  14 kobolds
  8 rats
103 creatures vanquished.

Vanquished Creatures (others)
  A worker ant (D:4)
  2 fungi (D:4)
3 creatures vanquished.

Grand Total: 106 creatures vanquished

Notes
Turn   | Place    | Note
--------------------------------------------------------------
     0 | D:1      | Kidiri the Deep Elf Fire Elementalist began the quest for the Orb.
     0 | D:1      | Reached XP level 1. HP: 10/10 MP: 6/6
   167 | D:1      | Reached XP level 2. HP: 12/15 MP: 0/8
   174 | D:1      | Learned a level 2 spell: Throw Flame
   328 | D:1      | Reached skill level 4 in Fire Magic
   746 | D:1      | Reached XP level 3. HP: 16/19 MP: 0/9
   784 | D:1      | Learned a level 3 spell: Conjure Flame
   952 | D:1      | Learned a level 3 spell: Inner Flame
  1348 | D:2      | Found a sparkling altar of Nemelex Xobeh.
  1387 | D:2      | Reached XP level 4. HP: 24/24 MP: 1/11
  1483 | D:2      | You fall through a shaft!
  1786 | D:3      | Reached skill level 5 in Fire Magic
  2090 | D:3      | Reached XP level 5. HP: 28/28 MP: 7/13
  2351 | D:3      | Found a bloodstained altar of Trog.
  2626 | D:3      | Learned a level 4 spell: Sticky Flame
  2937 | D:2      | Found a faded altar to an unknown god.
  2939 | D:2      | Found a blossoming altar of Fedhas.
  3458 | D:2      | Found an iron altar of Okawaru.
  3683 | D:4      | Noticed Kidiri's ghost (amateur DEFE)
  3768 | D:4      | Reached XP level 6. HP: 32/32 MP: 7/15
  4030 | D:4      | Found a shattered altar of Ashenzari.
  4047 | D:4      | Killed Kidiri's ghost
  4047 | D:4      | Reached skill level 5 in Spellcasting
  4047 | D:4      | Reached skill level 6 in Fire Magic
  4374 | D:4      | Found Qorrah's Gadget Boutique.
  4375 | D:4      | Reached skill level 1 in Short Blades
  4390 | D:4      | Reached XP level 7. HP: 17/37 MP: 1/16
  4392 | D:4      | Reached skill level 1 in Armour
  4468 | D:4      | Slain by a scorpion

Vault maps used:
D:1:      lemuel_arrival_river_bridge
D:2:      nemelex_xobeh_ov_fountains_minmay, fedhas_altar_1,
          lemuel_doored_altar, ecumenical_altar_1
D:3:      lightli_temple_of_fire, first_bread
D:4:      old_forge, old_standard_altar, nicolae_gozag_zags_fifth_avenue,
          serial_shops, shop, lemuel_tele_altar

Skill      XL: |  1  2  3  4  5  6  7 |
---------------+----------------------+-----
Fire Magic     | 4 5 6 |  6.4
Conjurations   | 2 3 |  3.7
Spellcasting   | 4 5 |  5.3
Short Blades   | 1 |  1.2
Dodging        | 3 |  3.0
Armour         | 1 |  1.0
Fighting       | |  0.7
Stealth        | |  2.4

Action                   |  1- 3 |  4- 6 |  7- 9 || total
-------------------------+-------+-------+-------++-------
Melee: Short sword       |    26 |    25 |     3 ||    54
 Cast: Flame Tongue      |    46 |    74 |     8 ||   128
       Throw Flame       |    25 |    43 |     2 ||    70
       Conjure Flame     |     1 |       |       ||     1
       Sticky Flame      |       |     3 |       ||     3
  Use: Scroll            |     8 |     3 |     2 ||    13
       Potion            |       |       |     2 ||     2
 Stab: Sleeping          |       |     3 |       ||     3
  Eat: Chunk             |     2 |     9 |       ||    11
       Fruit             |       |     1 |       ||     1
Armor: Robe              |     8 |    14 |    10 ||    32
Dodge: Dodged            |    41 |    40 |    22 ||   103
